| TOP OF THE 1ST |
|
Montgomery Biscuits batting - Pitching for Birmingham Barons : RHP Clay Redman
|
|
Pitching: RHP Clay Redman
|
|
|
Batting: RHB Nelle Lommen
|
0-0: Called Strike 0-1: Foul Ball, location: 2F 0-2: Foul Ball, location: 2F 0-2: Ball 1-2: Ground out 5-3 (Groundball, 56, EV 90.6 MPH)
|
|
Batting: LHB Angel Ruvalcaba
|
0-0: Ball 1-0: Swinging Strike 1-1: Called Strike 1-2: Ball 2-2: Strikes out swinging
|
|
Batting: RHB Alex Diaz
|
0-0: Ball 1-0: Called Strike 1-1: Ball 2-1: Ball 3-1: Fly out, F7 (Flyball, 7LS, EV 93.8 MPH)
|
| Top of the 1st over - 0 runs, 0 hits, 0 errors, 0 left on base; Montgomery 0 - Birmingham 0 |
| BOTTOM OF THE 1ST |
|
Birmingham Barons batting - Pitching for Montgomery Biscuits : RHP Jaime Astacio
|
|
Pitching: RHP Jaime Astacio
|
|
|
Batting: SHB Jay Gagnon
|
0-0: Fly out, F8 (Flyball, 8LD, EV 105.0 MPH)
|
|
Batting: LHB Larry Myers
|
0-0: Ground out 1-3 (Groundball, 13S, EV 64.4 MPH)
|
|
Batting: SHB Ruben Velasco Jr.
|
0-0: Foul Ball, location: 2F 0-1: Ball 1-1: Swinging Strike 1-2: Ball 2-2: Ball 3-2: Fly out, F7 (Flyball, 7D, EV 87.5 MPH)
|
| Bottom of the 1st over - 0 runs, 0 hits, 0 errors, 0 left on base; Montgomery 0 - Birmingham 0 |
| TOP OF THE 2ND |
|
Montgomery Biscuits batting - Pitching for Birmingham Barons : RHP Clay Redman
|
|
Batting: LHB Eric Toney
|
0-0: Called Strike 0-1: Foul Ball, location: 2F 0-2: Ball 1-2: Ground out 4-3 (Groundball, 4, EV 88.8 MPH)
|
|
Batting: RHB Chris Thorson
|
0-0: Ball 1-0: Ball 2-0: SINGLE (Line Drive, 7S, EV 102.5 MPH)
|
|
Batting: LHB Rich Matthews
|
0-0: Called Strike 0-1: Ball 1-1: Ball 2-1: Fly out, F7 (Flyball, 7D, EV 94.4 MPH)
|
|
Batting: RHB Roberto Aispuro
|
0-0: Ball 1-0: Ground out 4-3 (Groundball, 34, EV 78.8 MPH)
|
| Top of the 2nd over - 0 runs, 1 hit, 0 errors, 1 left on base; Montgomery 0 - Birmingham 0 |
| BOTTOM OF THE 2ND |
|
Birmingham Barons batting - Pitching for Montgomery Biscuits : RHP Jaime Astacio
|
|
Batting: LHB Justin Stickney
|
0-0: Fly out, F8 (Flyball, 78S, EV 85.0 MPH)
|
|
Batting: RHB Ethan McCullough
|
0-0: Ball 1-0: Ball 2-0: Ball 3-0: Called Strike 3-1: Ground out 6-3 (Groundball, 6, EV 106.9 MPH)
|
|
Batting: LHB Dalton Silveira
|
0-0: Ball 1-0: SINGLE (Flyball, 8LS, EV 89.4 MPH)
|
|
Batting: SHB Olaf Zoeteman
|
0-0: Ball Dalton Silveira steals 2nd base 1-0: Swinging Strike 1-1: Called Strike 1-2: Ball 2-2: Ball 3-2: Base on Balls
|
|
Batting: RHB John Iddings
|
0-0: SINGLE (Groundball, 6MD, EV 98.8 MPH) Dalton Silveira to third Olaf Zoeteman to second Runner from 3rd tries for Home, throw by CF and OUT! 8-2
|
| Bottom of the 2nd over - 0 runs, 2 hits, 0 errors, 2 left on base; Montgomery 0 - Birmingham 0 |
| TOP OF THE 3RD |
|
Montgomery Biscuits batting - Pitching for Birmingham Barons : RHP Clay Redman
|
|
Batting: LHB Danny Hull
|
0-0: Ground out 6-3 (Groundball, 6M, EV 110.0 MPH)
|
|
Batting: RHB Khalil Walker
|
0-0: Foul Ball, location: 2F 0-1: Ground out 5-3 (Groundball, 5S, EV 72.5 MPH)
|
|
Batting: RHB Nelle Lommen
|
0-0: Foul Ball, location: 2F 0-1: Ball 1-1: Ball 2-1: Ball 3-1: SINGLE (Line Drive, 4MD, EV 95.0 MPH)
|
|
Batting: LHB Angel Ruvalcaba
|
0-0: Foul Ball, location: 2F 0-1: Called Strike Nelle Lommen steals 2nd base 0-2: Strikes out swinging
|
| Top of the 3rd over - 0 runs, 1 hit, 0 errors, 1 left on base; Montgomery 0 - Birmingham 0 |
| BOTTOM OF THE 3RD |
|
Birmingham Barons batting - Pitching for Montgomery Biscuits : RHP Jaime Astacio
|
|
Batting: LHB Noel Wilson
|
0-0: Ball 1-0: Ball 2-0: Ball 3-0: Called Strike 3-1: Called Strike 3-2: Foul Ball, location: 2F 3-2: Foul Ball, location: 2F 3-2: Foul Ball, location: 2F 3-2: Strikes out swinging
|
|
Batting: SHB Jay Gagnon
|
0-0: Called Strike 0-1: Foul Ball, location: 2F 0-2: Fly out, F7 (Flyball, 7, EV 91.9 MPH)
|
|
Batting: LHB Larry Myers
|
0-0: Ball 1-0: SINGLE (Line Drive, 89M, EV 96.2 MPH)
|
|
Batting: SHB Ruben Velasco Jr.
|
0-0: Called Strike 0-1: Ball 1-1: Foul Ball, location: 2F 1-2: Ball 2-2: Strikes out swinging
|
| Bottom of the 3rd over - 0 runs, 1 hit, 0 errors, 1 left on base; Montgomery 0 - Birmingham 0 |
| TOP OF THE 4TH |
|
Montgomery Biscuits batting - Pitching for Birmingham Barons : RHP Clay Redman
|
|
Batting: RHB Alex Diaz
|
0-0: Ball 1-0: Ball 2-0: Ball 3-0: Called Strike 3-1: Base on Balls
|
|
Batting: LHB Eric Toney
|
0-0: Swinging Strike 0-1: Ball 1-1: Foul Ball, location: 2F 1-2: DOUBLE (Line Drive, 7LD, EV 114.4 MPH) Alex Diaz to third
|
|
Batting: RHB Chris Thorson
|
0-0: Ball 1-0: Called Strike 1-1: Ball 2-1: Foul Ball, location: 2F 2-2: Fly out, F6 (Popup, P, EV 76.9 MPH)
|
|
Batting: LHB Rich Matthews
|
0-0: Called Strike 0-1: Swinging Strike 0-2: Foul Ball, location: 2F 0-2: Strikes out swinging
|
|
Batting: RHB Roberto Aispuro
|
0-0: Ball 1-0: Ball 2-0: Ball 3-0: Foul Ball, location: 2F 3-1: Base on Balls
|
|
Batting: LHB Danny Hull
|
0-0: Ball 1-0: Foul Ball, location: 2F 1-1: Ball 2-1: SINGLE (Groundball, 34D, EV 81.9 MPH) (infield hit) Alex Diaz scores Eric Toney to third Roberto Aispuro to second
|
|
Batting: RHB Khalil Walker
|
0-0: Fielders Choice at 2nd, 6-4 (Groundball, 6, EV 78.1 MPH)
|
| Top of the 4th over - 1 run, 2 hits, 0 errors, 3 left on base; Montgomery 1 - Birmingham 0 |
| BOTTOM OF THE 4TH |
|
Birmingham Barons batting - Pitching for Montgomery Biscuits : RHP Jaime Astacio
|
|
Batting: LHB Justin Stickney
|
0-0: Called Strike 0-1: Foul Ball, location: 2F 0-2: Strikes out swinging
|
|
Batting: RHB Ethan McCullough
|
0-0: Ball 1-0: Called Strike 1-1: SINGLE (Groundball, 34D, EV 107.5 MPH)
|
|
Batting: LHB Dalton Silveira
|
0-0: Ball 1-0: Foul Ball, location: 2F 1-1: Ball 2-1: Foul Ball, location: 2F 2-2: Foul Ball, location: 2F 2-2: 2-RUN HOME RUN (Flyball, 7D, EV 95.6 MPH), Distance : 370 ft
|
|
Batting: SHB Olaf Zoeteman
|
0-0: Foul Ball, location: 2F 0-1: Foul Ball, location: 2F 0-2: Ball 1-2: Strikes out looking
|
|
Batting: RHB John Iddings
|
0-0: Ground out 3-1 (Groundball, 34, EV 76.9 MPH)
|
| Bottom of the 4th over - 2 runs, 2 hits, 0 errors, 0 left on base; Montgomery 1 - Birmingham 2 |
| TOP OF THE 5TH |
|
Montgomery Biscuits batting - Pitching for Birmingham Barons : RHP Clay Redman
|
|
Batting: RHB Nelle Lommen
|
0-0: Ground out 4-3 (Groundball, 34, EV 87.5 MPH)
|
|
Batting: LHB Angel Ruvalcaba
|
0-0: Swinging Strike 0-1: Called Strike 0-2: Ball 1-2: Foul Ball, location: 2F 1-2: Foul Ball, location: 2F 1-2: Ball 2-2: Ball 3-2: Fly out, F8 (Flyball, 8LD, EV 76.9 MPH)
|
|
Batting: RHB Alex Diaz
|
0-0: Called Strike 0-1: Foul Ball, location: 2F 0-2: Strikes out swinging
|
| Top of the 5th over - 0 runs, 0 hits, 0 errors, 0 left on base; Montgomery 1 - Birmingham 2 |
| BOTTOM OF THE 5TH |
|
Birmingham Barons batting - Pitching for Montgomery Biscuits : RHP Jaime Astacio
|
|
Batting: LHB Noel Wilson
|
0-0: Called Strike 0-1: Ball 1-1: DOUBLE (Flyball, 7LM, EV 109.4 MPH)
|
|
Batting: SHB Jay Gagnon
|
0-0: Ground out 6-3 (Groundball, 6, EV 98.1 MPH)
|
|
Batting: LHB Larry Myers
|
0-0: Ball 1-0: Ball 2-0: Fly out, F8 (Flyball, 8RD, EV 98.8 MPH)
|
|
Batting: SHB Ruben Velasco Jr.
|
0-0: Swinging Strike 0-1: Ball 1-1: Called Strike 1-2: Foul Ball, location: 2F 1-2: Foul Ball, location: 2F 1-2: Fly out, F6 (Flyball, 56D, EV 86.9 MPH)
|
| Bottom of the 5th over - 0 runs, 1 hit, 0 errors, 1 left on base; Montgomery 1 - Birmingham 2 |
| TOP OF THE 6TH |
|
Montgomery Biscuits batting - Pitching for Birmingham Barons : RHP Clay Redman
|
|
Batting: LHB Eric Toney
|
0-0: Ball 1-0: Ball 2-0: Called Strike 2-1: Ball 3-1: Base on Balls
|
|
Pitching: RHP Jon Manwaring
|
|
|
Batting: RHB Chris Thorson
|
0-0: Ball 1-0: Foul Ball, location: 2F 1-1: Grounds into double play, 4-6-3 (Groundball, 34, EV 100.0 MPH)
|
|
Batting: LHB Rich Matthews
|
0-0: Ball 1-0: Called Strike 1-1: SINGLE (Groundball, 34D, EV 101.2 MPH)
|
|
Batting: RHB Roberto Aispuro
|
0-0: Ball 1-0: Ball Rich Matthews is caught stealing 2nd base 2-4
|
| Top of the 6th over - 0 runs, 1 hit, 0 errors, 0 left on base; Montgomery 1 - Birmingham 2 |
| BOTTOM OF THE 6TH |
|
Birmingham Barons batting - Pitching for Montgomery Biscuits : RHP Jaime Astacio
|
|
Batting: LHB Justin Stickney
|
0-0: Called Strike 0-1: DOUBLE (Line Drive, 9LM, EV 89.4 MPH)
|
|
Batting: RHB Ethan McCullough
|
0-0: Called Strike 0-1: Foul Ball, location: 2F 0-2: SINGLE (Groundball, 6MD, EV 108.8 MPH) Justin Stickney to third Runner from 3rd tries for Home, SAFE, throw by CF to home
|
|
Batting: LHB Dalton Silveira
|
0-0: Ball 1-0: Ball 2-0: Called Strike 2-1: Ball 3-1: Base on Balls Ethan McCullough to second
|
|
Batting: SHB Olaf Zoeteman
|
0-0: Called Strike 0-1: Called Strike 0-2: Fly out, F2 (Popup, 25F, EV 87.5 MPH)
|
|
Batting: RHB John Iddings
|
0-0: Fly out, F8 (Line Drive, 89D, EV 91.9 MPH)
|
|
Batting: LHB Noel Wilson
|
0-0: Ball 1-0: Called Strike 1-1: Ball 2-1: Called Strike 2-2: Foul Ball, location: 2F 2-2: Ball 3-2: Base on Balls Ethan McCullough to third Dalton Silveira to second
|
|
Batting: SHB Jay Gagnon
|
0-0: Called Strike 0-1: Foul Ball, location: 2F 0-2: Ground out 3-1 (Groundball, 34, EV 87.5 MPH)
|
| Bottom of the 6th over - 1 run, 2 hits, 0 errors, 3 left on base; Montgomery 1 - Birmingham 3 |
| TOP OF THE 7TH |
|
Montgomery Biscuits batting - Pitching for Birmingham Barons : RHP Jon Manwaring
|
|
Pitching: LHP Brennan Duncan
|
|
|
Batting: RHB Roberto Aispuro
|
0-0: Called Strike 0-1: Foul Ball, location: 2F 0-2: Ball 1-2: Ball 2-2: Foul Ball, location: 2F 2-2: Ball 3-2: SINGLE (Line Drive, 78S, EV 107.5 MPH)
|
|
Batting: LHB Danny Hull
|
0-0: Bunt missed! 0-1: Bunt missed! 0-2: Ball 1-2: SINGLE (Groundball, P, EV 85.0 MPH) (infield hit) Roberto Aispuro to second
|
|
Pinch Hitting: SHB Joey Pacheco
|
0-0: Sac Bunt to 3S - play at first, batter OUT! 3-4 Roberto Aispuro to third Danny Hull to second
|
|
Batting: RHB Nelle Lommen
|
0-0: Called Strike 0-1: Foul Ball, location: 2F 0-2: Foul Ball, location: 2F 0-2: Ball 1-2: Foul Ball, location: 2F 1-2: Ground out U3 (Groundball, 3, EV 85.6 MPH)
|
|
Pinch Hitting: RHB Dave Galloway
|
0-0: Ball 1-0: Ball 2-0: Fly out, F8 (Flyball, 89D, EV 95.6 MPH)
|
| Top of the 7th over - 0 runs, 2 hits, 0 errors, 2 left on base; Montgomery 1 - Birmingham 3 |
| BOTTOM OF THE 7TH |
|
Birmingham Barons batting - Pitching for Montgomery Biscuits : RHP Jaime Astacio
|
|
Now at 2B: Joey Pacheco
|
|
|
Now at SS: Danny Hull
|
|
|
Now in CF: Roberto Aispuro
|
|
|
Now in RF: Dave Galloway
|
|
|
Batting: LHB Larry Myers
|
0-0: Fly out, F4 (Popup, 4MS, EV 55.6 MPH)
|
|
Batting: SHB Ruben Velasco Jr.
|
0-0: Called Strike 0-1: Ball 1-1: Foul Ball, location: 2F 1-2: Ground out U3 (Groundball, 34, EV 89.4 MPH)
|
|
Batting: LHB Justin Stickney
|
0-0: Ball 1-0: Ground out 4-3 (Groundball, 34D, EV 101.9 MPH)
|
| Bottom of the 7th over - 0 runs, 0 hits, 0 errors, 0 left on base; Montgomery 1 - Birmingham 3 |
| TOP OF THE 8TH |
|
Montgomery Biscuits batting - Pitching for Birmingham Barons : LHP Brennan Duncan
|
|
Now in RF: Mike Savage
|
|
|
Batting: RHB Alex Diaz
|
0-0: Foul Ball, location: 2F 0-1: Foul Ball, location: 2F 0-2: Foul Ball, location: 2F 0-2: Strikes out looking
|
|
Batting: LHB Eric Toney
|
0-0: Called Strike 0-1: Ball 1-1: Called Strike 1-2: SINGLE (Groundball, 4M, EV 111.2 MPH) (infield hit)
|
|
Batting: RHB Chris Thorson
|
0-0: Ball 1-0: Foul Ball, location: 2F 1-1: Foul Ball, location: 2F 1-2: Ball 2-2: Foul Ball, location: 2F 2-2: Ground out 4-3 (Groundball, 34, EV 104.4 MPH) Eric Toney to second
|
|
Pinch Hitting: RHB James Huddleston
|
0-0: Called Strike 0-1: Ball 1-1: Swinging Strike 1-2: Strikes out swinging
|
| Top of the 8th over - 0 runs, 1 hit, 0 errors, 1 left on base; Montgomery 1 - Birmingham 3 |
| BOTTOM OF THE 8TH |
|
Birmingham Barons batting - Pitching for Montgomery Biscuits : RHP Jaime Astacio
|
|
Pitching: LHP Tim Pulliam
|
|
|
Now in LF: Dave Galloway
|
|
|
Now in RF: Julio Hernandez
|
|
|
Batting: RHB Ethan McCullough
|
0-0: Ball 1-0: Ball 2-0: Called Strike 2-1: Ground out 4-3 (Groundball, 4, EV 108.8 MPH)
|
|
Batting: LHB Dalton Silveira
|
0-0: Ball 1-0: Called Strike 1-1: Ground out 1-3 (Groundball, 15S, EV 69.4 MPH)
|
|
Batting: SHB Olaf Zoeteman
|
0-0: Called Strike 0-1: Ball 1-1: Called Strike 1-2: Foul Ball, location: 2F 1-2: Strikes out swinging
|
| Bottom of the 8th over - 0 runs, 0 hits, 0 errors, 0 left on base; Montgomery 1 - Birmingham 3 |
| TOP OF THE 9TH |
|
Montgomery Biscuits batting - Pitching for Birmingham Barons : LHP Brennan Duncan
|
|
Pitching: RHP Maury Compson
|
|
|
Batting: RHB Roberto Aispuro
|
0-0: Called Strike 0-1: Hit by Pitch
|
|
Batting: LHB Danny Hull
|
0-0: Ball 1-0: Ball 2-0: Ball 3-0: Called Strike 3-1: SINGLE (Groundball, 34D, EV 101.2 MPH) Roberto Aispuro to second
|
|
Batting: SHB Joey Pacheco
|
0-0: Sac Bunt to 5S - play at first, batter safe! Roberto Aispuro to third Danny Hull to second
|
|
Batting: RHB Nelle Lommen
|
0-0: Ball 1-0: Fly out, F9 (Line Drive, 9, EV 89.4 MPH) Runner from 3rd tags up, SCORES, no throw by RF
|
|
Batting: RHB Dave Galloway
|
0-0: Called Strike 0-1: Ball 1-1: Ball 2-1: Foul Ball, location: 2F 2-2: Strikes out swinging
|
|
Batting: RHB Alex Diaz
|
0-0: Swinging Strike 0-1: Fly out, F5 (Popup, 56, EV 75.0 MPH)
|
| Top of the 9th over - 1 run, 2 hits, 0 errors, 2 left on base; Montgomery 2 - Birmingham 3 |
|